BSA
ST CHARLES SHEENS @ SAN FRANCISCO BANDITS
08/16/2030
 
TOP OF THE 1ST
St Charles Sheens batting - Pitching for San Francisco Bandits : LHP Jesús López
Pitching: LHP Jesús López
Batting: RHB Miguel Palácios 0-0: Hit by Pitch
Batting: RHB Jesús Hernández 0-0: Called Strike
0-1: Called Strike
0-2: Ball
Miguel Palácios steals 2nd base
1-2: Foul Ball, location: 2F
1-2: Ball
2-2: Ball
3-2: Foul Ball, location: 2F
3-2: Ground out 6-3 (Groundball, 6)
Batting: RHB Shawn Gutiérrez 0-0: Called Strike
Miguel Palácios steals 3rd base
0-1: Ball
1-1: Swinging Strike
1-2: Ball
2-2: Foul Ball, location: 2F
2-2: Foul Ball, location: 2F
2-2: Ball
3-2: Base on Balls
Batting: RHB Ramón Molina 0-0: Ball
1-0: Swinging Strike
1-1: Foul Ball, location: 2F
1-2: Ball
2-2: Ball
3-2: Foul Ball, location: 2F
3-2: Base on Balls
Shawn Gutiérrez to second
Batting: RHB Lorenzo González 0-0: Fly out, F5 (Popup, 25)
Batting: RHB Glen MacDonald 0-0: Ball
1-0: Ball
2-0: Ball
3-0: Called Strike
3-1: Fielders Choice at 2nd, 6-4 (Groundball, 6)
Top of the 1st over - 0 runs, 0 hits, 0 errors, 3 left on base; St Charles 0 - San Francisco 0
BOTTOM OF THE 1ST
San Francisco Bandits batting - Pitching for St Charles Sheens : LHP Scott Davis
Pitching: LHP Scott Davis
Batting: RHB Scott Merritt 0-0: Ball
1-0: Ball
2-0: Foul Ball, location: 2F
2-1: SINGLE (Groundball, 56D)
Batting: RHB Peter Bishop 0-0: Called Strike
0-1: Ball
1-1: Fly out, F7 (Flyball, 7S)
Batting: LHB Chris Austin 0-0: Swinging Strike
0-1: Ball
1-1: Ball
2-1: Foul Ball, location: 2F
2-2: Ball
3-2: Ground out 1-3 (Groundball, 13S)
Scott Merritt to second
Batting: RHB Owen Carter 0-0: Ball
1-0: Ball
2-0: Ball
3-0: Called Strike
3-1: Ground out 4-3 (Groundball, 4)
Bottom of the 1st over - 0 runs, 1 hit, 0 errors, 1 left on base; St Charles 0 - San Francisco 0
TOP OF THE 2ND
St Charles Sheens batting - Pitching for San Francisco Bandits : LHP Jesús López
Batting: RHB Sergio Pujols 0-0: Ball
1-0: Ball
2-0: SINGLE (Line Drive, 6D)
Batting: LHB Larry Howard 0-0: Called Strike
0-1: Ball
1-1: Called Strike
1-2: Foul Ball, location: 2F
1-2: Foul Ball, location: 2F
1-2: Fielders Choice at 2nd, 6-4 (Groundball, 6)
Batting: RHB Salvador Rodríguez 0-0: Fielders Choice at 2nd, 6-4 (Groundball, 6M)
Batting: RHB Miguel Palácios 0-0: Ball
1-0: Swinging Strike
1-1: Ball
2-1: Foul Ball, location: 2F
2-2: Ball
3-2: Fly out, F2 (Popup, 25F)
Top of the 2nd over - 0 runs, 1 hit, 0 errors, 1 left on base; St Charles 0 - San Francisco 0
BOTTOM OF THE 2ND
San Francisco Bandits batting - Pitching for St Charles Sheens : LHP Scott Davis
Batting: RHB Millard Stark 0-0: DOUBLE (Line Drive, 78M)
Pinch Runner at 2nd Mario García:
Batting: RHB Michael Elliott 0-0: Called Strike
0-1: Foul Ball, location: 2F
0-2: Ball
1-2: Ball
2-2: Ball
3-2: Strikes out looking
Batting: LHB Alan McGilroy 0-0: Called Strike
0-1: Ball
1-1: Foul Ball, location: 2F
1-2: Ball
2-2: DOUBLE (Line Drive, 8RXD)
Mario García scores
Batting: RHB Javier Ramírez 0-0: Ball
1-0: Called Strike
1-1: Foul Ball, location: 2F
1-2: Fly out, F9 (Line Drive, 9D)
Runner from 2nd tags up, SAFE at 3rd with throw
Batting: RHB Lorenzo Mota 0-0: Ball
1-0: Ball
2-0: Foul Ball, location: 2F
2-1: Foul Ball, location: 2F
2-2: Foul Ball, location: 2F
2-2: Fly out, F5 (Popup, 5SF)
Bottom of the 2nd over - 1 run, 2 hits, 0 errors, 1 left on base; St Charles 0 - San Francisco 1
TOP OF THE 3RD
St Charles Sheens batting - Pitching for San Francisco Bandits : LHP Jesús López
Now in LF: Mario García
Batting: RHB Jesús Hernández 0-0: Ball
1-0: Foul Ball, location: 2F
1-1: Ground out 5-3 (Groundball, 5)
Batting: RHB Shawn Gutiérrez 0-0: Ball
1-0: Ball
2-0: Called Strike
2-1: Ball
3-1: Called Strike
3-2: Base on Balls
Batting: RHB Ramón Molina 0-0: Ball
1-0: Foul Ball, location: 2F
1-1: Grounds into double play, 4-6-3 (Groundball, 4)
Top of the 3rd over - 0 runs, 0 hits, 0 errors, 0 left on base; St Charles 0 - San Francisco 1
BOTTOM OF THE 3RD
San Francisco Bandits batting - Pitching for St Charles Sheens : LHP Scott Davis
Batting: RHB Scott Merritt 0-0: Ball
1-0: Swinging Strike
1-1: Called Strike
1-2: Foul Ball, location: 2F
1-2: Ball
2-2: Ground out 3-1 (Groundball, 34S)
Batting: RHB Peter Bishop 0-0: Swinging Strike
0-1: Called Strike
0-2: Ball
1-2: Ground out 4-3 (Groundball, 4)
Batting: LHB Chris Austin 0-0: Ground out 5-3 (Groundball, 5S)
Bottom of the 3rd over - 0 runs, 0 hits, 0 errors, 0 left on base; St Charles 0 - San Francisco 1
TOP OF THE 4TH
St Charles Sheens batting - Pitching for San Francisco Bandits : LHP Jesús López
Batting: RHB Lorenzo González 0-0: Called Strike
0-1: DOUBLE (Groundball, 5L)
Batting: RHB Glen MacDonald 0-0: Called Strike
0-1: Ball
1-1: SINGLE (Line Drive, 4D)
Lorenzo González to third
Batting: RHB Sergio Pujols 0-0: Ball
1-0: SINGLE (Line Drive, 4D)
Lorenzo González scores
Glen MacDonald to second
Batting: LHB Larry Howard 0-0: Ball
1-0: Ball
2-0: Swinging Strike
2-1: Foul Ball, location: 2F
2-2: Grounds into double play, 5-4-3 (Groundball, 5)
Glen MacDonald to third
Batting: RHB Salvador Rodríguez 0-0: Swinging Strike
0-1: Ball
1-1: Ball
2-1: Foul Ball, location: 2F
2-2: Foul Ball, location: 2F
2-2: Ball
3-2: Strikes out swinging, 2-3 out at first.
Top of the 4th over - 1 run, 3 hits, 0 errors, 1 left on base; St Charles 1 - San Francisco 1
BOTTOM OF THE 4TH
San Francisco Bandits batting - Pitching for St Charles Sheens : LHP Scott Davis
Batting: RHB Owen Carter 0-0: Ball
1-0: Called Strike
1-1: Swinging Strike
1-2: Ball
2-2: Ball
3-2: Strikes out swinging
Batting: LHB Mario García 0-0: Ball
1-0: Ball
2-0: Swinging Strike
2-1: Ball
3-1: Ground out U3 (Groundball, 34)
Batting: RHB Michael Elliott 0-0: Called Strike
0-1: Ball
1-1: Foul Ball, location: 2F
1-2: Ground out 3-1 (Groundball, 34)
Bottom of the 4th over - 0 runs, 0 hits, 0 errors, 0 left on base; St Charles 1 - San Francisco 1
TOP OF THE 5TH
St Charles Sheens batting - Pitching for San Francisco Bandits : LHP Jesús López
Batting: RHB Miguel Palácios 0-0: Ball
1-0: Called Strike
1-1: Foul Ball, location: 2F
1-2: Foul Ball, location: 2F
1-2: SOLO HOME RUN (Flyball, 7LD), Distance : 385 ft
Batting: RHB Jesús Hernández 0-0: Ball
1-0: Foul Ball, location: 2F
1-1: SINGLE (Groundball, 6MD)
Pitching: RHP Miguel García
Batting: RHB Shawn Gutiérrez 0-0: Ball
1-0: Ball
2-0: Swinging Strike
2-1: Fly out, F8 (Flyball, 8LS)
Batting: RHB Ramón Molina 0-0: Grounds into double play, 4-6-3 (Groundball, 4)
Top of the 5th over - 1 run, 2 hits, 0 errors, 0 left on base; St Charles 2 - San Francisco 1
BOTTOM OF THE 5TH
San Francisco Bandits batting - Pitching for St Charles Sheens : LHP Scott Davis
Batting: LHB Alan McGilroy 0-0: Ball
1-0: Fly out, F7 (Flyball, 7LD)
Batting: RHB Javier Ramírez 0-0: Ball
1-0: SINGLE (Flyball, 7LS)
Batting: RHB Lorenzo Mota 0-0: Ball
1-0: SINGLE (Groundball, 3D)
Javier Ramírez to second
Runner from 2nd tries for 3rd, SAFE, no throw
Batting: RHB Scott Merritt 0-0: Ball
1-0: Called Strike
1-1: Ball
2-1: Foul Ball, location: 2F
2-2: Ball
3-2: Grounds into double play, 6-4-3 (Groundball, 6)
Bottom of the 5th over - 0 runs, 2 hits, 0 errors, 1 left on base; St Charles 2 - San Francisco 1
TOP OF THE 6TH
St Charles Sheens batting - Pitching for San Francisco Bandits : RHP Miguel García
Batting: RHB Lorenzo González 0-0: Ball
1-0: Swinging Strike
1-1: SINGLE (Line Drive, 34D)
Batting: RHB Glen MacDonald 0-0: Ball
1-0: Foul Ball, location: 2F
1-1: Hit by Pitch
Lorenzo González to second
Pinch Runner at 1st Víctor Arredondo:
Batting: RHB Sergio Pujols 0-0: Called Strike
0-1: Grounds into double play, 3-6-3 (Groundball, 34)
Lorenzo González to third
Batting: LHB Larry Howard 0-0: Called Strike
0-1: Called Strike
0-2: Foul Ball, location: 2F
0-2: Ball
1-2: Ball
2-2: Ball
3-2: Ground out 3-1 (Groundball, 34)
Top of the 6th over - 0 runs, 1 hit, 0 errors, 1 left on base; St Charles 2 - San Francisco 1
BOTTOM OF THE 6TH
San Francisco Bandits batting - Pitching for St Charles Sheens : LHP Scott Davis
Now in RF: Víctor Arredondo
Batting: RHB Peter Bishop 0-0: Called Strike
0-1: Called Strike
0-2: Ball
1-2: Foul Ball, location: 2F
1-2: SINGLE (Groundball, 6MD)
Batting: LHB Chris Austin 0-0: Grounds into double play, 6-4-3 (Groundball, 6M)
Batting: RHB Owen Carter 0-0: Called Strike
0-1: Ball
1-1: Ball
2-1: Called Strike
2-2: Fly out, F2 (Popup, 23F)
Bottom of the 6th over - 0 runs, 1 hit, 0 errors, 0 left on base; St Charles 2 - San Francisco 1
TOP OF THE 7TH
St Charles Sheens batting - Pitching for San Francisco Bandits : RHP Miguel García
Batting: RHB Salvador Rodríguez 0-0: Foul Ball, location: 2F
0-1: Ball
1-1: Ball
2-1: Ball
3-1: DOUBLE (Line Drive, 7LD)
Batting: RHB Miguel Palácios 0-0: Intentional Walk
Batting: RHB Jesús Hernández 0-0: Swinging Strike
0-1: Sac Bunt - play at first, batter OUT! 5-4
Salvador Rodríguez to third
Miguel Palácios to second
Batting: RHB Shawn Gutiérrez 0-0: Ground out U3 (Groundball, 3)
Batting: RHB Ramón Molina 0-0: Called Strike
0-1: Ball
1-1: Ball
2-1: SINGLE (Line Drive, 7LS)
Salvador Rodríguez scores
Miguel Palácios to third
Runner from 3rd tries for Home, SAFE, no throw
Pitching: RHP Carlos Ledezma
Batting: RHB Lorenzo González 0-0: Called Strike
0-1: Fielders Choice at 2nd, 6-4 (Groundball, 6)
Top of the 7th over - 2 runs, 2 hits, 0 errors, 1 left on base; St Charles 4 - San Francisco 1
BOTTOM OF THE 7TH
San Francisco Bandits batting - Pitching for St Charles Sheens : LHP Scott Davis
Batting: LHB Mario García 0-0: Ball
1-0: Fly out, F6 (Flyball, 56D)
Batting: RHB Michael Elliott 0-0: Ball
1-0: Called Strike
1-1: Ball
2-1: Swinging Strike
2-2: Foul Ball, location: 2F
2-2: Foul Ball, location: 2F
2-2: Ball
3-2: Base on Balls
Pitching: RHP Alejandro Longoria
Batting: LHB Alan McGilroy 0-0: Ball
1-0: Ball
2-0: Ball
3-0: Foul Ball, location: 2F
3-1: Fly out, F4 (Popup, 4)
Batting: RHB Javier Ramírez 0-0: Ball
1-0: Foul Ball, location: 2F
1-1: Ball
2-1: Fly out, F7 (Flyball, 78D)
Bottom of the 7th over - 0 runs, 0 hits, 0 errors, 1 left on base; St Charles 4 - San Francisco 1
TOP OF THE 8TH
St Charles Sheens batting - Pitching for San Francisco Bandits : RHP Carlos Ledezma
Batting: RHB Víctor Arredondo 0-0: Ball
1-0: SINGLE (Line Drive, 8RS)
Batting: RHB Sergio Pujols 0-0: Ball
1-0: Ball
2-0: Ball
3-0: Base on Balls
Víctor Arredondo to second
Pitching: LHP Armando Rodríguez
Batting: LHB Larry Howard 0-0: Fly out, F8 (Line Drive, 8LXD)
Runner from 2nd tags up, SAFE at 3rd, no throw
Pitching: RHP Mitsunari Taguchi
Batting: RHB Salvador Rodríguez 0-0: Ball
1-0: Ball
2-0: Ball
3-0: Called Strike
3-1: Foul Ball, location: 2F
3-2: Strikes out looking
Batting: RHB Miguel Palácios 0-0: Fly out, F7 (Flyball, 7S)
Top of the 8th over - 0 runs, 1 hit, 0 errors, 2 left on base; St Charles 4 - San Francisco 1
BOTTOM OF THE 8TH
San Francisco Bandits batting - Pitching for St Charles Sheens : RHP Alejandro Longoria
Batting: RHB Lorenzo Mota 0-0: Ball
1-0: Foul Ball, location: 2F
1-1: Ball
2-1: Fly out, F8 (Flyball, 78XD)
Batting: RHB Scott Merritt 0-0: Hit by Pitch
Batting: RHB Peter Bishop 0-0: Ball
1-0: Swinging Strike
1-1: SINGLE (Groundball, 56)
Scott Merritt to second
Batting: LHB Chris Austin 0-0: Fly out, F5 (Popup, 5F)
Batting: RHB Owen Carter 0-0: Fly out, F9 (Flyball, 9S)
Bottom of the 8th over - 0 runs, 1 hit, 0 errors, 2 left on base; St Charles 4 - San Francisco 1
TOP OF THE 9TH
St Charles Sheens batting - Pitching for San Francisco Bandits : RHP Mitsunari Taguchi
Batting: RHB Jesús Hernández 0-0: Ball
1-0: Ball
2-0: TRIPLE (Flyball, 78XD)
Batting: RHB Shawn Gutiérrez 0-0: Fly out, F7 (Flyball, 7LM)
Runner from 3rd tags up, OUT at HOME
Batting: RHB Ramón Molina 0-0: Called Strike
0-1: Swinging Strike
0-2: Ball
1-2: Strikes out swinging
Top of the 9th over - 0 runs, 1 hit, 0 errors, 0 left on base; St Charles 4 - San Francisco 1
BOTTOM OF THE 9TH
San Francisco Bandits batting - Pitching for St Charles Sheens : RHP Alejandro Longoria
Pitching: RHP Bob Martin
Batting: LHB Mario García 0-0: Ball
1-0: Called Strike
1-1: Ball
2-1: Swinging Strike
2-2: Fly out, F8 (Flyball, 8LM)
Batting: RHB Michael Elliott 0-0: Fly out, F8 (Flyball, 89M)
Batting: LHB Alan McGilroy 0-0: Ball
1-0: Ball
2-0: Called Strike
2-1: Fly out, F9 (Flyball, 9D)
Bottom of the 9th over - 0 runs, 0 hits, 0 errors, 0 left on base; St Charles 4 - San Francisco 1
Saturday, April 7th, 2018 - OOTP Baseball 18.8 Build 76